 Dungeon Crawl Stone Soup version 0.29.0 (webtiles) character file.

Game seed: 13664359827766518439

350 collaery the Trooper (level 6, -3/48 HPs)
             Began as a Human Berserker on Aug 31, 2022.
             Was a Priest of Trog.
             Killed by nerve-wracking pain
             ... invoked by an orc priest
              (12 damage)
             ... on level 5 of the Dungeon.
             The game lasted 00:26:38 (2754 turns).

collaery the Trooper (Human Berserker)              Turns: 2754, Time: 00:26:39

Health: -3/48      AC: 11    Str: 19    XL:     6   Next: 92%
Magic:  15/15      EV:  8    Int:  8    God:    Trog [***...]
Gold:   113        SH:  0    Dex: 12    Spells: 5/5 levels left

rFire   . . .      SeeInvis .   q - +2 short sword (vamp)
rCold   + . .      Faith    .   (no shield)
rNeg    . . .      Spirit   .   v - +0 chain mail
rPois   .          Reflect  .   (no helmet)
rElec   .          Harm     .   (no cloak)
rCorr   .          Rampage  .   s - +1 pair of gloves
Will    .....                   (no boots)
Stlth   ..........              (no amulet)
HPRegen 0.16/turn               l - ring of protection from cold
MPRegen 0.14/turn               m - ring of magical power

@: no status effects
A: no striking features
a: Renounce Religion, Berserk, Trog's Hand


You were on level 5 of the Dungeon.
You worshipped Trog.
Trog was most pleased with you.
You visited 1 branch of the dungeon, and saw 5 of its levels.

You collected 113 gold pieces.

Inventory:

Hand Weapons
 a - a +0 mace
 g - a +0 hand axe
 q - a +2 vampiric short sword (weapon)
 w - a +2 dagger of protection
 y - a +2 dagger of venom
Missiles
 d - 6 poisoned darts (quivered)
 k - 23 stones
Armour
 s - a +1 pair of gloves (worn)
 v - a +0 chain mail (worn)
Jewellery
 l - a ring of protection from cold (left hand)
 m - a ring of magical power (right hand)
Wands
 u - a wand of flame (27)
Scrolls
 b - a scroll of vulnerability {unknown}
 c - 6 scrolls of identify {unknown}
 e - a scroll of fear {unknown}
 h - a scroll of enchant armour {unknown}
 n - a scroll of immolation {unknown}
 p - a scroll of summoning {unknown}
 r - 2 scrolls of enchant weapon {unknown}
 t - a scroll of noise {unknown}
Potions
 f - 2 potions of brilliance
 i - 2 potions of haste {unknown}
 j - a potion of lignification {unknown}
 o - 2 potions of flight {unknown}
 x - a potion of heal wounds {unknown}
 z - a potion of cancellation {unknown}


   Skills:
 + Level 3.8 Fighting
 * Level 2.2 Short Blades
 - Level 3.4 Maces & Flails
 + Level 2.2 Throwing
 + Level 3.1 Armour
 + Level 3.2 Dodging
 + Level 2.4 Stealth


You had 5 spell levels left.
You didn't know any spells.
Your spell library contained the following spells:

 Spells                   Type           Power      Damage    Failure   Level
 Slow                     Hex            0%         N/A       99%         1
 Confusing Touch          Hex            0%         N/A       100%        3
 Portal Projectile        Hex/Tloc       0%         N/A       100%        3
 Tukima's Dance           Hex            0%         N/A       100%        3
 Vampiric Draining        Necr           0%         2d6       100%        3
 Blade Hands              Tmut           0%         N/A       100%        5
 Irradiate                Conj/Tmut      0%         3d11      100%        5
 Dragon Form              Tmut           0%         N/A       100%        7


Dungeon Overview and Level Annotations

Branches:
Dungeon (5/15)
 Temple: D:4-7

Altars:


Message History

There is a stone staircase leading up, spattered with blood here.
You hit the orc priest.
The orc priest is lightly wounded.
The orc priest barely misses you.
You closely miss the orc priest.
The orc priest is lightly wounded.
The orc priest looks braver for a moment.
You puncture the orc priest!
The orc priest is heavily wounded.
The orc priest hits you but does no damage.
You hit the orc priest but do no damage.
The orc priest is heavily wounded.
The orc priest mumbles some strange prayers to Beogh against you.
Pain shoots through your body!
You hit the orc priest.
You feel better.
The orc priest is severely wounded.
The orc priest barely misses you.
You barely miss the orc priest.
The orc priest is severely wounded.
The orc priest casts a cantrip, but nothing happens.
You barely miss the orc priest.
The orc priest is severely wounded.
The orc priest looks satisfied for a moment.
You barely miss the orc priest.
The orc priest is severely wounded.
The orc priest invokes the aid of Beogh against you.
Pain shoots through your body!
You hit the orc priest.
The orc priest is almost dead.
The orc priest calls down the wrath of Beogh upon you.
Beogh smites you!
* * * LOW HITPOINT WARNING * * *
You hit the orc priest but do no damage.
The orc priest is almost dead.
The orc priest looks satisfied for a moment.
You closely miss the orc priest.
The orc priest is severely wounded.
The orc priest invokes the aid of Beogh against you.
Pain shoots through your body!
You die...

... #.... #.. ...#
#..# #..##
..#...###...# ...
#..........###....
###........... ###
##...........## #..
##.†..........#
#..###@).............
##...#[o[..#......##..
#......######.....# .
##.....###.........#
#..)..#.....#......#
##.......# # ......#
##....#.# ......
#.......# ..#.
##.........


You could see an orc priest.

Vanquished Creatures
  A necrophage (D:4)
  Jessica (D:3)
  2 orc wizards
  Ijyb (D:3)
  7 adders
  A white imp (D:5)
  3 worms
  A dart slug (D:2)
  11 orcs
  4 ball pythons (D:1)
  3 bats
  10 endoplasms
  3 giant cockroaches (D:3)
  7 goblins
  7 hobgoblins
  6 jackals (D:1)
  7 kobolds
  6 quokkas
  11 frilled lizards
  4 rats
96 creatures vanquished.

Notes
Turn   | Place    | Note
-------+----------+-------------------------------------------
     0 | D:1      | collaery the Human Berserker began the quest for the Orb.
     0 | D:1      | Reached XP level 1. HP: 18/18 MP: 1/1
   137 | D:1      | Reached XP level 2. HP: 20/24 MP: 2/2
   351 | D:1      | Reached XP level 3. HP: 11/29 MP: 3/3
   424 | D:1      | Found a faded altar of an unknown god.
   497 | D:1      | Reached ** piety under Trog
   584 | D:1      | Reached skill level 1 in Stealth
   752 | D:2      | Reached skill level 1 in Throwing
   829 | D:2      | Reached XP level 4. HP: 16/35 MP: 4/4
  1380 | D:2      | Reached XP level 5. HP: 32/41 MP: 5/5
  1892 | D:3      | Noticed Ijyb
  1931 | D:3      | Killed Ijyb
  1932 | D:3      | Reached skill level 1 in Short Blades
  1948 | D:3      | Noticed Jessica
  1959 | D:3      | Killed Jessica
  1960 | D:3      | Reached XP level 6. HP: 29/47 MP: 6/6
  2020 | D:3      | Reached *** piety under Trog
  2494 | D:5      | Entered Level 5 of the Dungeon
  2754 | D:5      | Killed from afar by an orc priest

Illustrated notes

Levels and vault maps discovered:
D:1:      minmay_arrival_widening_spiral_wide, layout_basic,
          ebering_ecumenical_altar_webs
D:2:      layout_loops_ring
D:3:      layout_basic, uniq_jessica, uniq_ijyb
D:4:      nicolae_BIG_FREAKIN_CUBE, layout_cave_pools
D:5:      layout_cave_pools, minmay_temple_entry_mini_moons, feat_on_display

Skill      XL: |  1  2  3  4  5  6 |
---------------+-------------------+-----
Stealth        | 1 2 |  2.4
Throwing       | 1 2 |  2.2
Short Blades   | 1 2 |  2.2
Dodging        | 3 |  3.2
Armour         | 3 |  3.1
Fighting       | |  3.8
Maces & Flails | |  3.4

Action                   |  1- 3 |  4- 6 || total
-------------------------+-------+-------++-------
Melee: Mace              |   104 |    70 ||   174
       Punch             |     1 |     2 ||     3
       Short sword       |       |   263 ||   263
Throw: Dart              |     1 |       ||     1
Invok: Trog's Hand       |       |     3 ||     3
       Berserk           |       |     2 ||     2
Armor: Ring mail         |    37 |     1 ||    38
       Scale mail        |       |   112 ||   112
       Chain mail        |       |    15 ||    15
Dodge: Dodged            |    79 |   162 ||   241
